| TOP OF THE 1ST |
|
Jacksonville Suns batting - Pitching for Columbia Fireflies : RHP Raymundo Pato
|
|
Pitching: RHP Raymundo Pato
|
|
|
Batting: RHB Akira Suzuki
|
0-0: Fly out, F3 (Popup, 3SF, EV 71.2 MPH)
|
|
Batting: RHB Rafael Irizarry
|
0-0: Foul Ball, location: 2F 0-1: Ground out 4-3 (Groundball, 4, EV 89.4 MPH)
|
|
Batting: RHB Jack Power
|
0-0: SINGLE (Flyball, 34D, EV 91.2 MPH)
|
|
Batting: RHB Reomel Somera
|
0-0: Called Strike 0-1: Ball 1-1: Fly out, F8 (Flyball, 8RM, EV 78.1 MPH)
|
| Top of the 1st over - 0 runs, 1 hit, 0 errors, 1 left on base; Jacksonville 0 - Columbia 0 |
| BOTTOM OF THE 1ST |
|
Columbia Fireflies batting - Pitching for Jacksonville Suns : RHP Jorge Lara
|
|
Pitching: RHP Jorge Lara
|
|
|
Batting: SHB Detlef Oursler
|
0-0: Ball 1-0: Foul Ball, location: 2F 1-1: Swinging Strike 1-2: Strikes out looking
|
|
Batting: SHB Jason Evans
|
0-0: Ground out 4-3 (Groundball, 4MD, EV 79.4 MPH)
|
|
Batting: LHB Bayesa Mundhir
|
0-0: Ball 1-0: Ball 2-0: Ground out 6-3 (Groundball, 6, EV 111.2 MPH)
|
| Bottom of the 1st over - 0 runs, 0 hits, 0 errors, 0 left on base; Jacksonville 0 - Columbia 0 |
| TOP OF THE 2ND |
|
Jacksonville Suns batting - Pitching for Columbia Fireflies : RHP Raymundo Pato
|
|
Batting: RHB Torquato Obawole
|
0-0: Ball 1-0: Ground out 3-1 (Groundball, 34, EV 88.8 MPH)
|
|
Batting: RHB Len Graham
|
0-0: Called Strike 0-1: Called Strike 0-2: Foul Ball, location: 2F 0-2: Foul Ball, location: 2F 0-2: Strikes out swinging
|
|
Batting: RHB Larry LeFever
|
0-0: Ball 1-0: Ball 2-0: Ball 3-0: Called Strike 3-1: Foul Ball, location: 2F 3-2: Foul Ball, location: 2F 3-2: DOUBLE (Line Drive, 7LM, EV 98.1 MPH)
|
|
Batting: LHB Orlando Rivera
|
0-0: Ball 1-0: Foul Ball, location: 2F 1-1: Ground out 4-3 (Groundball, 4, EV 94.4 MPH)
|
| Top of the 2nd over - 0 runs, 1 hit, 0 errors, 1 left on base; Jacksonville 0 - Columbia 0 |
| BOTTOM OF THE 2ND |
|
Columbia Fireflies batting - Pitching for Jacksonville Suns : RHP Jorge Lara
|
|
Batting: LHB Tony Leyba
|
0-0: Swinging Strike 0-1: Ball 1-1: Ground out 6-3 (Groundball, 6M, EV 76.9 MPH)
|
|
Batting: RHB Nate Henderson
|
0-0: Foul Ball, location: 2F 0-1: Ball 1-1: Foul Ball, location: 2F 1-2: Ball 2-2: Ground out 5-3 (Groundball, 56S, EV 81.2 MPH)
|
|
Batting: LHB Dan Bremseth
|
0-0: Swinging Strike 0-1: Called Strike 0-2: Ball 1-2: Foul Ball, location: 2F 1-2: Ball 2-2: Foul Ball, location: 2F 2-2: TRIPLE (Flyball, 9LD, EV 98.8 MPH)
|
|
Batting: SHB Jerry Burrows
|
0-0: Ball 1-0: Ball 2-0: Ground out 4-3 (Groundball, 4, EV 105.6 MPH)
|
| Bottom of the 2nd over - 0 runs, 1 hit, 0 errors, 1 left on base; Jacksonville 0 - Columbia 0 |
| TOP OF THE 3RD |
|
Jacksonville Suns batting - Pitching for Columbia Fireflies : RHP Raymundo Pato
|
|
Batting: RHB Chris Alft
|
0-0: Ball 1-0: Ground out 6-3 (Groundball, 6, EV 84.4 MPH)
|
|
Batting: RHB Akira Suzuki
|
0-0: Ball 1-0: Foul Ball, location: 2F 1-1: Fly out, F9 (Flyball, 9LS, EV 76.2 MPH)
|
|
Batting: RHB Rafael Irizarry
|
0-0: Ball 1-0: Called Strike 1-1: Ground out U3 (Groundball, 34S, EV 78.8 MPH)
|
| Top of the 3rd over - 0 runs, 0 hits, 0 errors, 0 left on base; Jacksonville 0 - Columbia 0 |
| BOTTOM OF THE 3RD |
|
Columbia Fireflies batting - Pitching for Jacksonville Suns : RHP Jorge Lara
|
|
Batting: RHB Larry Shoop
|
0-0: Ball 1-0: Ball 2-0: Ball 3-0: Base on Balls
|
|
Batting: LHB Zane Kelton
|
0-0: Foul Ball, location: 2F 0-1: Called Strike Larry Shoop steals 2nd base 0-2: Strikes out swinging
|
|
Batting: SHB Detlef Oursler
|
0-0: Swinging Strike 0-1: Ball 1-1: Ball Larry Shoop steals 3rd base 2-1: Ball 3-1: Ground out 6-3 (Groundball, 6M, EV 82.5 MPH) Larry Shoop scores
|
|
Batting: SHB Jason Evans
|
0-0: Called Strike 0-1: Ball 1-1: Swinging Strike 1-2: Foul Ball, location: 2F 1-2: Ball 2-2: Fly out, F6 (Flyball, 56D, EV 86.9 MPH)
|
| Bottom of the 3rd over - 1 run, 0 hits, 0 errors, 0 left on base; Jacksonville 0 - Columbia 1 |
| TOP OF THE 4TH |
|
Jacksonville Suns batting - Pitching for Columbia Fireflies : RHP Raymundo Pato
|
|
Batting: RHB Jack Power
|
0-0: Fly out, F7 (Flyball, 7, EV 91.9 MPH)
|
|
Batting: RHB Reomel Somera
|
0-0: Ball 1-0: Swinging Strike 1-1: Ball 2-1: Fly out, F8 (Flyball, 78M, EV 82.5 MPH)
|
|
Batting: RHB Torquato Obawole
|
0-0: Foul Ball, location: 2F 0-1: Ball 1-1: Ground out 6-3 (Groundball, 6S, EV 93.1 MPH)
|
| Top of the 4th over - 0 runs, 0 hits, 0 errors, 0 left on base; Jacksonville 0 - Columbia 1 |
| BOTTOM OF THE 4TH |
|
Columbia Fireflies batting - Pitching for Jacksonville Suns : RHP Jorge Lara
|
|
Batting: LHB Bayesa Mundhir
|
0-0: Called Strike 0-1: Foul Ball, location: 2F 0-2: Ball 1-2: Foul Ball, location: 2F 1-2: Ball 2-2: Ball 3-2: Base on Balls
|
|
Batting: LHB Tony Leyba
|
0-0: Ball 1-0: Foul Ball, location: 2F 1-1: Ball 2-1: Ball 3-1: Base on Balls Bayesa Mundhir to second
|
|
Batting: RHB Nate Henderson
|
0-0: Ball 1-0: Fly out, F8 (Flyball, 8LM, EV 96.9 MPH)
|
|
Batting: LHB Dan Bremseth
|
0-0: 3-RUN HOME RUN (Flyball, 9D, EV 96.9 MPH), Distance : 374 ft
|
|
Batting: SHB Jerry Burrows
|
0-0: Called Strike 0-1: SINGLE (Groundball, 3D, EV 109.4 MPH)
|
|
Batting: RHB Larry Shoop
|
0-0: Ball 1-0: Ball 2-0: Ball 3-0: Swinging Strike 3-1: Swinging Strike 3-2: Foul Ball, location: 2F 3-2: Fly out, F6 (Line Drive, 6, EV 70.6 MPH)
|
|
Pitching: RHP Dan Durand
|
|
|
Batting: LHB Zane Kelton
|
0-0: Called Strike 0-1: Ball 1-1: Called Strike 1-2: Fly out, F9 (Flyball, 9S, EV 76.2 MPH)
|
| Bottom of the 4th over - 3 runs, 2 hits, 0 errors, 1 left on base; Jacksonville 0 - Columbia 4 |
| TOP OF THE 5TH |
|
Jacksonville Suns batting - Pitching for Columbia Fireflies : RHP Raymundo Pato
|
|
Batting: RHB Len Graham
|
0-0: Ground out 4-3 (Groundball, 4, EV 82.5 MPH)
|
|
Batting: RHB Larry LeFever
|
0-0: Ball 1-0: Ground out 4-3 (Groundball, 34, EV 103.1 MPH)
|
|
Batting: LHB Orlando Rivera
|
0-0: Ball 1-0: Ball 2-0: Ground out 3-1 (Groundball, 34, EV 88.8 MPH)
|
| Top of the 5th over - 0 runs, 0 hits, 0 errors, 0 left on base; Jacksonville 0 - Columbia 4 |
| BOTTOM OF THE 5TH |
|
Columbia Fireflies batting - Pitching for Jacksonville Suns : RHP Dan Durand
|
|
Batting: SHB Detlef Oursler
|
0-0: Called Strike 0-1: Ground out 6-3 (Groundball, 6, EV 82.5 MPH)
|
|
Batting: SHB Jason Evans
|
0-0: Ball 1-0: Ball 2-0: Ball 3-0: Called Strike 3-1: Ground out U3 (Groundball, 3L, EV 101.9 MPH)
|
|
Batting: LHB Bayesa Mundhir
|
0-0: Ball 1-0: Ball 2-0: Ball 3-0: Base on Balls
|
|
Batting: LHB Tony Leyba
|
0-0: Ball 1-0: Swinging Strike 1-1: Ball 2-1: Ball 3-1: Called Strike 3-2: Foul Ball, location: 2F 3-2: Strikes out looking
|
| Bottom of the 5th over - 0 runs, 0 hits, 0 errors, 1 left on base; Jacksonville 0 - Columbia 4 |
| TOP OF THE 6TH |
|
Jacksonville Suns batting - Pitching for Columbia Fireflies : RHP Raymundo Pato
|
|
Batting: RHB Chris Alft
|
0-0: Called Strike 0-1: Swinging Strike 0-2: Foul Ball, location: 2F 0-2: Strikes out swinging
|
|
Batting: RHB Akira Suzuki
|
0-0: Ball 1-0: Ball 2-0: Called Strike 2-1: Ball 3-1: Base on Balls
|
|
Batting: RHB Rafael Irizarry
|
0-0: Foul Ball, location: 2F 0-1: Ball Akira Suzuki is caught stealing 2nd base 2-4 1-1: Ball 2-1: Ball 3-1: Foul Ball, location: 2F 3-2: SINGLE (Line Drive, 89M, EV 90.6 MPH)
|
|
Batting: RHB Jack Power
|
0-0: Ball Rafael Irizarry steals 2nd base 1-0: Ball 2-0: Ball 3-0: Called Strike 3-1: Foul Ball, location: 2F 3-2: Foul Ball, location: 2F 3-2: Strikes out swinging
|
| Top of the 6th over - 0 runs, 1 hit, 0 errors, 1 left on base; Jacksonville 0 - Columbia 4 |
| BOTTOM OF THE 6TH |
|
Columbia Fireflies batting - Pitching for Jacksonville Suns : RHP Dan Durand
|
|
Batting: RHB Nate Henderson
|
0-0: Ball 1-0: Foul Ball, location: 2F 1-1: Ball 2-1: Ground out 6-3 (Groundball, 6D, EV 110.6 MPH)
|
|
Batting: LHB Dan Bremseth
|
0-0: Foul Ball, location: 2F 0-1: Ball 1-1: Called Strike 1-2: Ball 2-2: SINGLE (Line Drive, 89S, EV 89.4 MPH)
|
|
Pitching: RHP Mike Yorke
|
|
|
Batting: SHB Jerry Burrows
|
0-0: SINGLE (Groundball, 25, EV 60.6 MPH) (infield hit) Dan Bremseth to second
|
|
Batting: RHB Larry Shoop
|
0-0: Ball 1-0: Foul Ball, location: 2F 1-1: Ball 2-1: SINGLE (Groundball, 34D, EV 95.6 MPH) Dan Bremseth to third Jerry Burrows to second Runner from 3rd tries for Home, SAFE, throw by RF to home
|
|
Batting: LHB Zane Kelton
|
0-0: Ball 1-0: Ball 2-0: Called Strike 2-1: Ball 3-1: 3-RUN HOME RUN (Flyball, 9D, EV 93.8 MPH), Distance : 352 ft
|
|
Batting: SHB Detlef Oursler
|
0-0: Called Strike 0-1: Called Strike 0-2: Ball 1-2: Ball 2-2: Ball 3-2: Strikes out looking
|
|
Batting: SHB Jason Evans
|
0-0: Ball 1-0: Swinging Strike 1-1: DOUBLE (Groundball, 5L, EV 101.9 MPH)
|
|
Batting: LHB Bayesa Mundhir
|
0-0: Ball 1-0: Called Strike 1-1: Ground out 6-3 (Groundball, 4MD, EV 90.0 MPH)
|
| Bottom of the 6th over - 4 runs, 5 hits, 0 errors, 1 left on base; Jacksonville 0 - Columbia 8 |
| TOP OF THE 7TH |
|
Jacksonville Suns batting - Pitching for Columbia Fireflies : RHP Raymundo Pato
|
|
Batting: RHB Reomel Somera
|
0-0: Foul Ball, location: 2F 0-1: Swinging Strike 0-2: Foul Ball, location: 2F 0-2: Strikes out looking
|
|
Batting: RHB Torquato Obawole
|
0-0: Foul Ball, location: 2F 0-1: Called Strike 0-2: Ball 1-2: Fly out, F8 (Flyball, 8LD, EV 98.1 MPH)
|
|
Batting: RHB Len Graham
|
0-0: Foul Ball, location: 2F 0-1: Foul Ball, location: 2F 0-2: Ground out 6-3 (Groundball, 6, EV 104.4 MPH)
|
| Top of the 7th over - 0 runs, 0 hits, 0 errors, 0 left on base; Jacksonville 0 - Columbia 8 |
| BOTTOM OF THE 7TH |
|
Columbia Fireflies batting - Pitching for Jacksonville Suns : RHP Mike Yorke
|
|
Batting: LHB Tony Leyba
|
0-0: Ball 1-0: Ball 2-0: Ball 3-0: Base on Balls
|
|
Batting: RHB Nate Henderson
|
0-0: Ball 1-0: Swinging Strike 1-1: Ball 2-1: Called Strike 2-2: Strikes out swinging
|
|
Pitching: RHP Earl Shepherd
|
|
|
Batting: LHB Dan Bremseth
|
0-0: Called Strike 0-1: Ball 1-1: Ball 2-1: Ball 3-1: Called Strike 3-2: Foul Ball, location: 2F 3-2: Base on Balls Tony Leyba to second
|
|
Batting: SHB Jerry Burrows
|
0-0: Foul Ball, location: 2F 0-1: Ball 1-1: Swinging Strike 1-2: Foul Ball, location: 2F 1-2: Foul Ball, location: 2F 1-2: Foul Ball, location: 2F 1-2: Ball 2-2: Strikes out swinging
|
|
Batting: RHB Larry Shoop
|
0-0: Called Strike 0-1: SINGLE (Groundball, 25, EV 61.9 MPH) (infield hit) Tony Leyba to third Dan Bremseth to second
|
|
Pinch Hitting: RHB Gary Hills
|
0-0: Foul Ball, location: 2F 0-1: Ball 1-1: Ball 2-1: Foul Ball, location: 2F 2-2: Strikes out swinging
|
| Bottom of the 7th over - 0 runs, 1 hit, 0 errors, 3 left on base; Jacksonville 0 - Columbia 8 |
| TOP OF THE 8TH |
|
Jacksonville Suns batting - Pitching for Columbia Fireflies : RHP Raymundo Pato
|
|
Now at 3B: Gary Hills
|
|
|
Now at SS: Detlef Oursler
|
|
|
Batting: RHB Larry LeFever
|
0-0: Ball 1-0: Foul Ball, location: 2F 1-1: Foul Ball, location: 2F 1-2: Foul Ball, location: 2F 1-2: Foul Ball, location: 2F 1-2: Foul Ball, location: 2F 1-2: Ball 2-2: Foul Ball, location: 2F 2-2: Foul Ball, location: 2F 2-2: SINGLE (Line Drive, 34D, EV 96.2 MPH)
|
|
Batting: LHB Orlando Rivera
|
0-0: Ball 1-0: Fly out, F5 (Popup, 56, EV 66.2 MPH)
|
|
Batting: RHB Chris Alft
|
0-0: Ball 1-0: Called Strike 1-1: Foul Ball, location: 2F 1-2: Foul Ball, location: 2F 1-2: Strikes out swinging
|
|
Batting: RHB Akira Suzuki
|
0-0: Ball 1-0: Called Strike 1-1: Fly out, F7 (Flyball, 7, EV 94.4 MPH)
|
| Top of the 8th over - 0 runs, 1 hit, 0 errors, 1 left on base; Jacksonville 0 - Columbia 8 |
| BOTTOM OF THE 8TH |
|
Columbia Fireflies batting - Pitching for Jacksonville Suns : RHP Earl Shepherd
|
|
Batting: SHB Detlef Oursler
|
0-0: Called Strike 0-1: Ball 1-1: Foul Ball, location: 2F 1-2: Foul Ball, location: 2F 1-2: Ball 2-2: SINGLE (Line Drive, 7S, EV 113.1 MPH)
|
|
Pitching: RHP Joe Lynn
|
|
|
Batting: SHB Jason Evans
|
0-0: Ball Detlef Oursler steals 2nd base 1-0: SINGLE (Groundball, 4, EV 97.5 MPH) Detlef Oursler to third Runner from 3rd tries for Home, throw by RF and OUT! 9-2 Jason Evans to second
|
|
Pinch Hitting: RHB Jayden Copeland
|
0-0: Ground out U3 (Groundball, 34, EV 80.6 MPH) Jason Evans to third
|
|
Batting: LHB Tony Leyba
|
0-0: Ball 1-0: Called Strike 1-1: Ball 2-1: Ball 3-1: Base on Balls
|
|
Batting: RHB Nate Henderson
|
0-0: Ball 1-0: Called Strike 1-1: Foul Ball, location: 2F 1-2: Ball 2-2: Foul Ball, location: 2F 2-2: SINGLE (Groundball, P, EV 80.0 MPH) (infield hit) Jason Evans scores Tony Leyba to second
|
|
Batting: LHB Dan Bremseth
|
0-0: Called Strike 0-1: Ball 1-1: Foul Ball, location: 2F 1-2: Foul Ball, location: 2F 1-2: Strikes out swinging
|
| Bottom of the 8th over - 1 run, 3 hits, 0 errors, 2 left on base; Jacksonville 0 - Columbia 9 |
| TOP OF THE 9TH |
|
Jacksonville Suns batting - Pitching for Columbia Fireflies : RHP Raymundo Pato
|
|
Now at 1B: Jayden Copeland
|
|
|
Batting: RHB Rafael Irizarry
|
0-0: Ball 1-0: Called Strike 1-1: Foul Ball, location: 2F 1-2: Strikes out looking
|
|
Batting: RHB Jack Power
|
0-0: Ball 1-0: Ball 2-0: Foul Ball, location: 2F 2-1: SINGLE (Groundball, 56D, EV 103.8 MPH)
|
|
Pitching: RHP Jose Esquibel
|
|
|
Batting: RHB Reomel Somera
|
0-0: Called Strike 0-1: Foul Ball, location: 2F 0-2: Strikes out swinging
|
|
Batting: RHB Torquato Obawole
|
0-0: Ball 1-0: Foul Ball, location: 2F 1-1: Called Strike 1-2: Foul Ball, location: 2F 1-2: Fielders Choice at 2nd, 5-4 (Groundball, 5, EV 84.4 MPH)
|
| Top of the 9th over - 0 runs, 1 hit, 0 errors, 1 left on base; Jacksonville 0 - Columbia 9 |
|